 Dungeon Crawl Stone Soup version 0.29.1-2-gbd0b4ee654 (webtiles) character file.

Game seed: 6395863834825127053

60479 funnyparkerb the Spry (level 14, -5/93 HPs)
             Began as a Felid Summoner on Nov 3, 2022.
             Was an Initiate of Gozag.
             Slain by a seven-headed hydra (7 damage)
             ... on level 3 of the Swamp.
             The game lasted 01:51:46 (38664 turns).

funnyparkerb the Spry (Felid Summoner)             Turns: 38664, Time: 01:51:46

Health: -5/93      AC: 27    Str:  4    XL:     14   Next: 57%
Magic:  29/29      EV: 32    Int: 27    God:    Gozag
Gold:   3445       SH:  0    Dex: 18    Spells: 1/33 levels left
                                        Lives:  0   Deaths: 4

rFire   + . .      SeeInvis +     - Unarmed
rCold   . . .      Faith    .   (shield unavailable)
rNeg    + + .      Spirit   .   (body armour unavailable)
rPois   ∞          Reflect  .   (helmet unavailable)
rElec   +          Harm     .   (cloak unavailable)
rCorr   .          Rampage  .   (gloves unavailable)
Will    ++...                   (boots unavailable)
Stlth   ++........              x - amulet of magic regeneration
HPRegen 0.25/turn               c - ring of protection from fire
MPRegen 0.61/turn               S - ring of Wehiasal {Fly rN+ Int+4}

@: statue-form, flying, very slow
A: slow and powerful, torment resistance 1, boosted hp, very small, claws 1,
fangs 3, see invisible, (speed 1), (shaggy fur 3), stealthy paws, no weapons or
thrown items, no armour, multi-lived
a: End Transformation, Renounce Religion, Potion Petition, Call Merchant, Bribe
Branch


You were on level 3 of the Swamp.
You worshipped Gozag.
Gozag was most pleased with you.
You were a living statue of rough stone.
You visited 5 branches of the dungeon, and saw 27 of its levels.
You visited the Abyss 1 time.

You collected 8767 gold pieces.
You spent 1898 gold pieces at shops.
You paid 3424 gold pieces to Gozag.

Inventory:

Jewellery
 c - a ring of protection from fire (left paw)
 x - an amulet of magic regeneration (around neck)
 C - a ring of magical power
 I - a ring of protection from fire
 L - an amulet of regeneration
 N - a ring of protection from cold
 S - the ring of Wehiasal (right paw) {Fly rN+ Int+4}
   (You bought it in a shop on level 3 of the Lair of Beasts)

   [ring of flight]

   Int:       It affects your intelligence (+4).
   rN:        It protects you from negative energy.
   Fly:       It grants you flight.
Wands
 k - a wand of polymorph (6)
 u - a wand of light (7)
 A - a wand of mindburst (13)
 G - a wand of flame (18)
 K - a wand of roots (21)
 R - a wand of charming (10)
 U - a wand of digging (4)
Scrolls
 b - 10 scrolls of teleportation
 h - a scroll of blinking
 i - 5 scrolls of noise
 l - 3 scrolls of butterflies
 n - 4 scrolls of fear
 p - 5 scrolls of amnesia
 F - 4 scrolls of vulnerability
 J - 3 scrolls of poison
 O - 2 scrolls of silence
 Q - 4 scrolls of magic mapping
Potions
 a - a potion of magic
 d - 4 potions of brilliance
 e - 2 potions of haste
 f - 3 potions of berserk rage
 j - 5 potions of might
 q - 2 potions of lignification
 s - 6 potions of cancellation
 t - 5 potions of degeneration {unknown}
 v - 2 potions of invisibility
 w - 5 potions of mutation {unknown}
 z - 5 potions of resistance
 B - 3 potions of attraction
 E - 2 potions of heal wounds
 H - 4 potions of flight
 P - a potion of ambrosia


   Skills:
 + Level 14.3 Fighting
 + Level 18.5 Dodging
 - Level 2.6 Stealth
 * Level 2.3 Unarmed Combat
 - Level 10.0 Spellcasting
 - Level 7.1 Hexes
 - Level 14.0 Summonings
 + Level 5.6 Translocations
 - Level 12.0 Transmutations
 - Level 7.0 Air Magic
 - Level 7.0 Earth Magic


You had one spell level left.
You knew the following spells:

 Your Spells              Type           Power      Damage    Failure   Level
a - Summon Small Mammal   Summ           100%       N/A       0%          1
b - Call Imp              Summ           73%        N/A       1%          2
c - Call Canine Familiar  Summ           73%        N/A       1%          3
d - Summon Guardian Gole  Hex/Summ       63%        N/A       1%          3
e - Summon Lightning Spi  Summ/Air       63%        N/A       1%          4
f - Summon Cactus Giant   Summ           36%        N/A       1%          6
g - Blink                 Tloc           88%        N/A       1%          2
h - Summon Mana Viper     Hex/Summ       63%        N/A       1%          5
i - Statue Form           Tmut/Erth      39%        N/A       13%         6

Your spell library contained the following spells:

 Spells                   Type           Power      Damage    Failure   Level
 Slow                     Hex            100%       N/A       1%          1
 Poisonous Vapours        Pois/Air       64%        N/A       1%          2
 Confusing Touch          Hex            51%        N/A       1%          3
 Lesser Beckoning         Tloc           44%        N/A       1%          3
 Ignite Poison            Fire/Tmut/Pois 35%        N/A       2%          3
 Leda's Liquefaction      Hex/Erth       25%        N/A       2%          4
 Dazzling Flash           Conj/Hex       64%        N/A       3%          3
 Ice Form                 Ice/Tmut       45%        N/A       3%          4
 Mephitic Cloud           Conj/Pois/Air  26%        N/A       4%          3
 Scorch                   Fire           26%        2d6       6%          2
 Lee's Rapid Deconstruct  Erth           25%        3d15*     7%          5
 Silence                  Hex/Air        25%        N/A       7%          5
 Anguish                  Hex/Necr       16%        N/A       10%         4
 Manifold Assault         Tloc           44%        N/A       12%         5
 Ozocubu's Armour         Ice            13%        N/A       13%         3
 Vampiric Draining        Necr           13%        2d6       13%         3
 Metabolic Englaciation   Hex/Ice        16%        N/A       28%         5
 Flame Wave               Conj/Fire      13%        2d6       38%         4
 Hailstorm                Conj/Ice       13%        3d5       38%         4
 Freezing Cloud           Conj/Ice/Air   13%        6-21      43%         5
 Agony                    Necr           13%        N/A       75%         5
 Fireball                 Conj/Fire      6%         3d5       75%         5
 Enfeeble                 Hex            25%        N/A       89%         7
 Haunt                    Necr/Summ      25%        N/A       90%         7
 Spellforged Servitor     Conj/Summ      25%        N/A       90%         7
 Starburst                Conj/Fire      6%         6d4       100%        6
 Orb of Destruction       Conj           6%         9d6       100%        7
 Ignition                 Fire           6%         3d4       100%        8
 Infestation              Necr           6%         N/A       100%        8
 Corpse Rot               Necr/Pois/Air  Unusable   N/A       N/A         4
 Animate Dead             Necr           Unusable   N/A       N/A         4
 Simulacrum               Ice/Necr       Unusable   N/A       N/A         6

Dungeon Overview and Level Annotations

Branches:
Dungeon (15/15)            Temple (1/1) D:6            Lair (5/5) D:10
  Swamp (4/4) Lair:3        Snake (0/4) Lair:2        Slime (0/5) Lair:5
    Orc (2/2) D:10            Elf (0/3) Orc:2        Vaults (0/5) D:14
 Depths (0/4) D:15

Altars:
Ashenzari
Cheibriados
Dithmenos
Elyvilon
Fedhas
Gozag
Hepliaklqana
Kikubaaqudgha
Makhleb
Nemelex Xobeh
Okawaru
Qazlal
Ru
Sif Muna
Trog
Uskayaw
Vehumet
Wu Jian
Xom
Yredelemnul
Zin
The Shining One

Shops:
D:10 :   D:14 ::   Orc:2 (*[[   Lair:3 =:

Portals:
Abyss: D:7

Annotations:
D:7 2 transporters, safid's ghost, novice MiHu
D:8 1 runed translucent door, 0gre's ghost, novice GnIE


Innate Abilities, Weirdness & Mutations

You are a living statue of rough stone.
Your actions are slow, but your melee attacks are powerful.
You are resistant to unholy torment.
Your maximum health is greatly increased.
You are immune to poison.
You have sharp claws.
You have razor-sharp teeth.
You have supernaturally acute eyesight. (SInv)
((You cover ground quickly. (Speed+)))
((Your thick and shaggy fur keeps you warm. (AC +3, rC+)))
Your paws help you pounce on unaware monsters.
You are incapable of wielding weapons or throwing items.
You cannot wear armour.
You gain extra lives every three experience levels.


Message History

The swamp dragon completely misses you.
The swamp worm fires a harpoon shot at you.
The harpoon shot hits you but does no damage.
Roots burst forth from the earth!
The grasping roots grab you! The grasping roots constrict you!
* * * LOW HITPOINT WARNING * * *
There is a stone staircase leading up here.
You escape the roots grasp.
The seven-headed hydra completely misses you. x2
The seven-headed hydra bites you!
* * * LOW HITPOINT WARNING * * *
The seven-headed hydra closely misses you.
The seven-headed hydra completely misses you. x2
The seven-headed hydra closely misses you.
The swamp drake breathes poison at you.
The noxious blast engulfs you but does no damage.
You resist. The swamp dragon misses you.
The swamp dragon completely misses you. x2; The seven-headed hydra bites you.
* * * LOW HITPOINT WARNING * * *
The seven-headed hydra bites you!
* * * LOW HITPOINT WARNING * * *
The seven-headed hydra completely misses you. x2
The seven-headed hydra closely misses you. x2
The seven-headed hydra barely misses you.
The swamp dragon completely misses you. The swamp dragon misses you.
The swamp dragon completely misses you.
You fly upwards.
There is a stone staircase leading down here.
As you read the scroll of fear, it crumbles to dust.
You assume a fearsome visage.
The seven-headed hydra resists with almost no effort.
The swamp drake looks frightened!
The seven-headed hydra misses you.
The seven-headed hydra completely misses you.
The seven-headed hydra bites you but does no damage.
The seven-headed hydra closely misses you. x2
The seven-headed hydra completely misses you.
The seven-headed hydra bites you!
You die...
Your body crumbles into a pile of gold.

♣♣~....~...~~~~~~...~~
♣♣.~§...~...~~~~~~§.~~
♣♣♣♣♣♣.~~~~~....♣..~~~~~~~~
♣(...~.~§~~~....~♣..~~§~~~~
♣~....§~~~~.~~~......§~~~~~
♣♣♣~~~~§~~~.~~~.~).♣.§~~~~~
♣.~~~~~~~~.~~.~~~~♣~~~~~~~
♣♣♣...♣♣.~~...~.~~~.♣...♣..♣
♣..~.....~k8D~♣~~~~....♣♣§.♣
♣♣~~~....~~~~.♣♣♣~~~.....♣~~~
♣.~~~.[~~~~~.♣♣ ♣♣..~.~~~♣~~~
♣♣.~♣.~~~~~...♣ ♣♣.~~~~♣♣♣~~
♣....~~~~~~~.♣♣ ♣...>~.♣♣~~
♣......~~~~§..♣ ♣~~~~~.♣♣♣♣
♣♣♣♣♣..~~~~...♣ ♣~~~~~.♣
♣♣~.♣♣~.♣♣♣ ♣♣.~~~.♣♣
♣♣♣♣♣♣♣♣ ♣~~.~~~.♣


You could see a seven-headed hydra and a swamp drake (fleeing, catching breath).

Vanquished Creatures
  An electric eel (D:11)
  An orc wizard (D:4)
  An endoplasm (D:1)
  A hobgoblin (D:1)
  2 bats
  A frilled lizard (D:1)
7 creatures vanquished.

Vanquished Creatures (collateral kills)
  Rupert (Lair:3)
  Louise (D:15)
  6 bunyips
  3 eleionomae
  The ghost of Murgh the Cleaver, a journeyman MiBe of Trog (Lair:4)
  An ettin (Orc:2)
  2 fire dragons
  A rakshasa (D:15)
  2 vault guards (D:14)
  7 hydras
  2 catoblepae
  2 ogre magi (Orc:2)
  3 boulder beetles
  3 centaur warriors
  8 two-headed ogres
  4 alligators
  4 death yaks
  4 spriggans
  A fire crab (shapeshifter) (D:14)
  8 skeletal warriors
  4 goliath frogs
  3 spriggan druids
  6 swamp dragons
  3 bog bodies
  6 orc knights
  A lindwurm (Swamp:4)
  A wizard (D:15)
  A deep troll (Orc:1)
  A necromancer (D:15)
  7 orc sorcerers
  4 cyclopes
  8 ugly things
  8 will-o-the-wisps
  3 manticores
  20 elephants
  Maurice (D:13)
  A guardian serpent (Lair:5)
  12 black mambas
  2 centaur zombies (D:15)
  A kobold demonologist (D:10)
  12 cane toads
  A centaur skeleton (D:15)
  A gargoyle (D:13)
  7 rime drakes
  A yaktaur (D:14)
  2 efreet
  9 komodo dragons
  3 meliai (D:14)
  9 trolls
  A bloated husk (Swamp:1)
  7 hornets
  4 tyrant leeches
  2 polar bears
  Grinder (D:3)
  11 blink frogs
  A dream sheep (Lair:3)
  10 slime creatures
  2 centaur simulacra
  Sigmund (D:5)
  A shadow (D:9)
  10 yaks
  3 hogs (Swamp:3)
  9 wyverns
  A vampire (D:13)
  A wraith (D:10)
  A human (D:14)
  4 basilisks
  2 redbacks (Lair:5)
  2 steam dragons
  17 vampire mosquitoes
  A naga (Lair:2)
  14 swamp worms
  3 wargs
  3 acid dragons
  14 water moccasins
  3 ice beasts (D:11)
  6 swamp drakes
  A black bear (D:6)
  16 orc warriors
  A sky beast (D:7)
  15 wolves
  22 ogres
  5 centaurs
  3 kobold brigands
  10 bullfrogs
  A gnoll sergeant (D:9)
  A scorpion (D:4)
  9 necrophages
  A wight (D:9)
  8 killer bees
  7 howler monkeys
  4 hounds
  A jelly (D:5)
  15 orc priests
  9 iguanas
  Jessica (D:2)
  Ijyb (D:3)
  A boggart zombie (D:15)
  16 orc wizards
  A hell rat (Lair:3)
  6 gnolls
  8 adders
  2 river rats (D:6)
  2 white imps (D:11)
  2 nameless horrors
  3 worms
  4 dart slugs
  71 orcs
  2 bats
  5 endoplasms
  2 giant cockroaches
  6 goblins
  4 hobgoblins
  4 jackals (D:4)
  A quokka (D:5)
  2 ball pythons (D:2)
  10 frilled lizards
  24 kobolds
  4 rats
648 creatures vanquished.

Vanquished Creatures (others)
  Kirke (Swamp:3)
  An eleionoma (Swamp:3)
  A vault guard (D:14)
  A shambling mangrove (Swamp:3)
  7 hydras
  A ghost crab (Swamp:2)
  A two-headed ogre (D:9)
  An ogre mage (D:14)
  3 alligators
  A skeletal warrior (D:13)
  Lodul (D:11)
  2 goliath frogs (Swamp:3)
  A deep troll (Orc:1)
  A bog body (Swamp:2)
  A wizard (D:15)
  A wolf spider (Lair:5)
  2 elephants
  An orc sorcerer (Orc:1)
  2 ugly things (D:15)
  2 black mambas
  Joseph (Lair:1)
  A gargoyle (D:12)
  3 cane toads
  4 komodo dragons
  A freezing wraith (D:15)
  3 trolls
  2 bloated husks
  A hornet (Swamp:1)
  A polar bear (D:11)
  3 slime creatures
  3 blink frogs (Lair:3)
  A nameless horror (Lair:3)
  A dream sheep (Lair:3)
  A spriggan (Swamp:3)
  A shadow (D:12)
  3 wyverns
  3 yaks
  2 humans (Swamp:3)
  4 vampire mosquitoes
  3 steam dragons
  3 swamp worms
  An acid dragon (D:8)
  3 water moccasins
  3 black bears
  An ice beast (D:5)
  10 ogres
  2 orc warriors (Orc:1)
  2 wolves
  3 centaurs
  2 bullfrogs (Lair:3)
  2 wights (D:9)
  2 killer bees (D:9)
  Crazy Yiuf (D:3)
  An iguana (D:4)
  2 orc wizards (D:7)
  5 gnolls
  A white imp (D:11)
  2 orcs
  2 bushes
  A butterfly (D:6)
  26 foxfires (Swamp:2)
  40 fungi
  140 plants
329 creatures vanquished.

Grand Total: 984 creatures vanquished

Notes
Turn   | Place    | Note
-------+----------+-------------------------------------------
     0 | D:1      | funnyparkerb the Felid Summoner began the quest for the
                  | Orb.
     0 | D:1      | Reached XP level 1. HP: 7/7 MP: 4/4
   434 | D:1      | Reached XP level 2. HP: 11/11 MP: 4/6
   437 | D:1      | Learned a level 2 spell: Call Imp
  1014 | D:2      | Found a faded altar of an unknown god.
  1661 | D:2      | Reached XP level 3. HP: 14/14 MP: 6/8
  1668 | D:2      | Learned a level 3 spell: Call Canine Familiar
  1922 | D:2      | Noticed Jessica
  1930 | D:2      | Killed Jessica
  2146 | D:2      | Reached XP level 4. HP: 18/18 MP: 5/9
  2150 | D:2      | Learned a level 3 spell: Summon Guardian Golem
  2498 | D:3      | Noticed Ijyb
  2514 | D:3      | Reached skill level 5 in Summonings
  2529 | D:3      | Killed Ijyb
  2530 | D:3      | Reached skill level 3 in Dodging
  2530 | D:3      | Reached skill level 1 in Hexes
  2622 | D:3      | Found a sacrificial altar of Ru.
  2623 | D:3      | Found a glowing golden altar of the Shining One.
  2624 | D:3      | Found a bloodstained altar of Trog.
  2680 | D:3      | Noticed Grinder
  2742 | D:3      | Killed Grinder
  2743 | D:3      | Reached skill level 1 in Fighting
  2743 | D:3      | Reached XP level 5. HP: 22/22 MP: 2/11
  2743 | D:3      | Gained mutation: You are covered in thick fur. (AC +2)
                  | [Felid growth]
  2743 | D:3      | Reached XP level 6. HP: 26/26 MP: 2/12
  2876 | D:3      | Found a hide-covered altar of Uskayaw.
  3180 | D:3      | Found a runed translucent door.
  3181 | D:3      | Noticed Crazy Yiuf
  3193 | D:3      | Killed Crazy Yiuf
  3194 | D:3      | Reached skill level 4 in Dodging
  3669 | D:4      | Reached XP level 7. HP: 30/30 MP: 8/14
  3903 | D:4      | Found a basalt altar of Yredelemnul.
  3910 | D:4      | Learned a level 4 spell: Summon Lightning Spire
  4238 | D:4      | Found a sparkling altar of Nemelex Xobeh.
  4658 | D:4      | Reached skill level 1 in Air Magic
  4746 | D:4      | Reached skill level 5 in Dodging
  5084 | D:5      | Entered Level 5 of the Dungeon
  5166 | D:5      | Noticed Sigmund
  5196 | D:5      | Killed Sigmund
  5197 | D:5      | Reached XP level 8. HP: 34/34 MP: 6/15
  5479 | D:5      | Reached skill level 5 in Hexes
  6463 | D:6      | Reached skill level 6 in Dodging
  6463 | D:6      | Reached skill level 5 in Spellcasting
  6611 | D:6      | Found a staircase to the Ecumenical Temple.
  6618 | Temple   | Entered the Ecumenical Temple
  6844 | D:6      | Found a white marble altar of Elyvilon.
  7115 | D:6      | Identified the +1 ring mail "Huann" {+Inv rC+}
  7473 | D:6      | Reached XP level 9. HP: 39/39 MP: 17/17
  7751 | D:7      | Noticed an ancient zyme
  7770 | D:7      | Found a one-way gate to the infinite horrors of the Abyss.
  7770 | D:7      | Noticed safid's ghost (novice MiHu)
  7770 | D:7      | Noticed a sun demon
  7799 | D:7      | Found a transporter.
  7803 | D:7      | Found a transporter.
  7874 | D:7      | Found a flagged portal.
  8224 | D:7      | Reached skill level 7 in Dodging
  8830 | D:7      | Reached skill level 5 in Air Magic
  9012 | D:8      | Reached skill level 5 in Fighting
  9295 | D:8      | Found a runed translucent door.
  9295 | D:8      | Noticed 0gre's ghost (novice GnIE)
  9523 | D:8      | Found a stormy altar of Qazlal.
  9907 | D:9      | Reached XP level 10. HP: 39/44 MP: 20/20
  9991 | D:9      | Reached skill level 8 in Dodging
 10265 | D:9      | Noticed a two-headed ogre
 10280 | D:9      | Killed a two-headed ogre
 10849 | D:9      | Found a broken altar of Ashenzari.
 11068 | D:10     | Entered Level 10 of the Dungeon
 11068 | D:10     | Found Tingobyt's Book Boutique.
 11174 | D:10     | Found an opulent altar of Gozag.
 11196 | D:10     | Became a worshipper of Gozag Ym Sagoz the Greedy
 11559 | D:10     | Found a staircase to the Lair.
 11721 | D:10     | Noticed an orange demon
 11722 | D:10     | Reached skill level 9 in Dodging
 12443 | D:10     | Found a staircase to the Orcish Mines.
 12655 | D:10     | Bought a book of Scorching for 450 gold pieces
 12662 | D:10     | Learned a level 6 spell: Summon Cactus Giant
 12694 | D:11     | Noticed Lodul
 12707 | D:11     | Killed Lodul
 12708 | D:11     | Reached XP level 11. HP: 49/49 MP: 17/23
 12999 | D:11     | Reached skill level 10 in Dodging
 13007 | D:11     | Noticed a death yak
 13026 | D:11     | Killed a death yak
 13348 | D:11     | Learned a level 2 spell: Blink
 13781 | D:12     | Noticed a green ugly thing
 13781 | D:12     | Noticed a two-headed ogre
 13785 | D:12     | Reached skill level 1 in Translocations
 13808 | D:12     | Killed a two-headed ogre
 13809 | D:12     | Killed a green ugly thing
 13810 | D:12     | Reached skill level 10 in Summonings
 13815 | D:12     | Noticed a centaur warrior
 13826 | D:12     | Noticed a boulder beetle
 14320 | D:13     | Noticed a white ugly thing
 14345 | D:13     | Noticed a centaur warrior
 14349 | D:13     | Shot with an arrow by a centaur warrior
 14350 | D:13     | Reached XP level 10. HP: -6/48 MP: 23/23
 14679 | Lair:1   | Entered Level 1 of the Lair of Beasts
 15009 | Lair:1   | Noticed Joseph
 15032 | Lair:1   | Killed Joseph
 15089 | Lair:1   | Noticed a six-headed hydra
 15099 | Lair:1   | Killed a six-headed hydra
 15100 | Lair:1   | Reached XP level 11. HP: 51/51 MP: 18/24
 15330 | Lair:1   | Noticed Sonja
 15342 | Lair:1   | Reached skill level 11 in Dodging
 15351 | Abyss:2  | Cast into level 2 of the Abyss (Sonja)
 15374 | Lair:1   | Escaped the Abyss
 15374 | Lair:1   | HP: 1/51 [Sonja/+4 short sword of distortion (3)]
 15374 | Lair:1   | Slain by Sonja
 15375 | Lair:1   | Reached XP level 10. HP: -3/48 MP: 23/23
 15565 | Lair:1   | Noticed Sonja
 15565 | Lair:1   | Sonja changed into Sonja the hornet
 15567 | Lair:1   | Paralysed by Sonja for 1 turns
 15580 | Lair:1   | Killed Sonja the hornet
 16008 | Lair:2   | Noticed an elephant
 16011 | Lair:2   | Noticed an elephant
 16011 | Lair:2   | Noticed an elephant
 16014 | Lair:2   | Noticed an elephant
 16236 | Lair:2   | Killed an elephant
 16238 | Lair:2   | Killed an elephant
 16240 | Lair:2   | Noticed an elephant
 16245 | Lair:2   | Killed an elephant
 16246 | Lair:2   | Killed an elephant
 16253 | Lair:2   | Killed an elephant
 16254 | Lair:2   | Reached skill level 5 in Translocations
 16631 | Lair:2   | Reached XP level 11. HP: 52/52 MP: 16/24
 16709 | Lair:2   | Found a staircase to the Snake Pit.
 17498 | Lair:3   | Noticed a six-headed hydra
 17502 | Lair:3   | Killed a six-headed hydra
 17710 | Lair:3   | Reached skill level 12 in Dodging
 18009 | Lair:3   | Found a staircase to the Swamp.
 18388 | Lair:3   | Noticed a six-headed hydra
 18388 | Lair:3   | Noticed a boulder beetle
 18389 | Lair:3   | Noticed a catoblepas
 18401 | Lair:3   | Killed a catoblepas
 18405 | Lair:3   | Gained mutation: Your thick and shaggy fur keeps you warm.
                  | (AC +3, rC+) [Felid growth]
 18405 | Lair:3   | Reached XP level 12. HP: 19/57 MP: 24/26
 18416 | Lair:3   | Killed a six-headed hydra
 18498 | Lair:3   | Killed a boulder beetle
 19017 | Lair:3   | Noticed Rupert
 19068 | Lair:3   | Killed Rupert
 19397 | Lair:3   | Bought the ring of Wehiasal {Fly rN+ Int+4} for 482 gold
                  | pieces
 19422 | Lair:4   | Found a runed translucent door.
 19433 | Lair:4   | Noticed Murgh's ghost (journeyman MiBe)
 19535 | Lair:4   | Reached skill level 13 in Dodging
 19775 | Lair:4   | Reached skill level 10 in Fighting
 19784 | Lair:4   | Reached skill level 10 in Spellcasting
 20254 | Lair:4   | Noticed a five-headed hydra
 20263 | Lair:4   | Killed a five-headed hydra
 20603 | Lair:4   | Killed Murgh's ghost
 20667 | Lair:5   | Entered Level 5 of the Lair of Beasts
 20735 | Lair:5   | Reached XP level 13. HP: 59/61 MP: 21/28
 21170 | Lair:5   | Reached skill level 14 in Dodging
 21408 | Lair:5   | Identified the +5 dagger "Tuecew" {vorpal, rElec rPois rF+}
 21409 | Lair:5   | Identified the +5 whip "Demonslayer" {vorpal, Str+5}
 21420 | Lair:5   | Found a staircase to the Slime Pits.
 21888 | Lair:5   | Reached skill level 15 in Dodging
 22168 | Lair:3   | Bought the Precepts of Freezing Fascination for 836 gold
                  | pieces
 22174 | Lair:3   | Learned a level 5 spell: Summon Mana Viper
 22516 | Lair:5   | Identified the +9 shortbow "Yhitredd" {vorpal, rF+ rCorr}
 22831 | Lair:5   | Noticed a fire dragon
 22856 | Lair:5   | Killed a fire dragon
 22877 | Lair:5   | Reached XP level 14. HP: 61/69 MP: 19/29
 23585 | D:12     | Learned a level 6 spell: Statue Form
 23851 | D:12     | Reached skill level 1 in Transmutations
 23851 | D:12     | Reached skill level 1 in Earth Magic
 24112 | Orc:1    | Entered Level 1 of the Orcish Mines
 24911 | Orc:2    | Entered Level 2 of the Orcish Mines
 24911 | Orc:2    | Found Ehicoari's Assorted Antiques.
 24933 | Orc:1    | Reached skill level 16 in Dodging
 25422 | Orc:2    | Found Degab's Armour Emporium.
 25422 | Orc:2    | Found Kiwaf's Antique Armour Boutique.
 26170 | Orc:2    | Reached skill level 5 in Transmutations
 26542 | Orc:2    | Found Moypsut's Weapon Boutique.
 26581 | Orc:2    | Bought a brightly glowing copper amulet for 130 gold pieces
 26581 | Orc:2    | Identified the amulet of Dishonour {Spirit rF++} (You
                  | bought it in a shop on level 2 of the Orcish Mines)
 26780 | Orc:2    | Found a staircase to the Elven Halls.
 27266 | D:13     | Reached skill level 5 in Earth Magic
 27526 | D:13     | Noticed Maurice
 27539 | D:13     | Killed Maurice
 27925 | D:13     | Reached XP level 15. HP: 73/73 MP: 19/30
 29150 | D:14     | Found a hazy altar of Hepliaklqana.
 29607 | D:14     | Found a gate to the Vaults.
 30471 | D:15     | Entered Level 15 of the Dungeon
 30737 | D:15     | Reached skill level 17 in Dodging
 30761 | D:15     | Found an iron altar of Okawaru.
 31713 | D:15     | Noticed Louise
 31733 | D:15     | Killed Louise
 32339 | D:15     | Found a staircase to the Depths.
 32580 | Swamp:1  | Entered Level 1 of the Swamp
 34135 | Swamp:2  | Reached skill level 10 in Transmutations
 34980 | Swamp:2  | Reached XP level 16. HP: 79/79 MP: 28/31
 35892 | Swamp:3  | Noticed Kirke
 35902 | Swamp:3  | Killed Kirke
 35905 | Swamp:3  | Reached skill level 18 in Dodging
 36701 | Swamp:3  | HP: 3/79 [spore (33)]
 36702 | Swamp:3  | Constricted to death by a shambling mangrove
 36703 | Swamp:3  | Reached XP level 15. HP: -8/75 MP: 21/30
 37417 | Swamp:3  | Reached skill level 1 in Unarmed Combat
 38086 | Swamp:4  | Entered Level 4 of the Swamp
 38546 | Swamp:4  | Killed from afar by a swamp worm
 38547 | Swamp:4  | Reached XP level 14. HP: 0/72 MP: 29/29
 38645 | Swamp:4  | Found the ring of Shadows {Umbra +Inv Stlth+}
 38649 | Swamp:4  | Noticed a fenstrider witch
 38651 | Swamp:4  | HP: 3/93 [constriction (20)]
 38662 | Swamp:4  | HP: 1/93 [seven-headed hydra (8)]
 38664 | Swamp:3  | Slain by a seven-headed hydra

Illustrated notes

Levels and vault maps discovered:
D:1:      scummos_arrival_hexagon, layout_loops_ring,
          kennysheep_decorative_pillar
D:2:      layout_loops_ring, shapermc_ecumenical_altar_totnotflames,
          uniq_jessica
D:3:      layout_rooms, mainiacjoe_overflow_six_doors_small,
          chequers_temple_overflow_statue_of_worship, chequers_arboretum,
          minmay_lizard_king, uniq_ijyb, uniq_grinder, uniq_crazy_yiuf_cottage
D:4:      black_bear_nest_2, layout_basic, yredelemnul_altar_generic,
          nemelex_altar_shiori
D:5:      layout_loops_ring, dk_rats_in_the_wall, uniq_sigmund
D:6:      layout_basic, nicolae_elyvilon_peaceful_grove, temple_fountains,
          lightli_sewer_entry_pipes, grunt_ministairs_11
D:7:      layout_loops_ring, gammafunk_ghost_abyssal_escape, enter_bailey_3
D:8:      layout_rooms, mainiacjoe_overflow_alcove_4, ebering_ghost_inner_flame,
          nicolae_hexahallways
D:9:      layout_basic, evilmike_ruin_ashenzari
D:10:     layout_rooms, mainiacjoe_overflow_chevrons, lair_entry_dummy,
          david_orc_1_choice, serial_shops, nicolae_stop_n_shop_1
D:11:     layout_roguey, serial_ice, serial_ice_a, serial_ice_l, serial_ice_d,
          serial_ice_g, serial_ice_n, serial_ice_h, serial_ice_m,
          portal_ice_cave_entry_pillars_2, uniq_lodul
D:12:     layout_basic
D:13:     layout_irregular_city, gauntlet_entry_generic, uniq_maurice
D:14:     layout_layer_cave, grunt_vaults_entry_fortified, serial_park_square1
          [serial_park_minivault_5x5_4], serial_rivers,
          chequers_serial_rivers_small_3, chequers_serial_rivers_micro_e,
          chequers_serial_rivers_small_a, chequers_serial_rivers_micro_a,
          chequers_serial_rivers_room_b, nicolae_water_bricks
D:15:     grunt_enter_depths_magical_seal, layout_irregular_city,
          okawaru_gym_becter, uniq_louise
Temple:   nicolae_temple_bog_church
Lair:1:   layout_cave_shapes, serial_rivers, chequers_serial_rivers_room_a,
          chequers_serial_rivers_micro_a, chequers_serial_rivers_micro_b,
          chequers_serial_rivers_micro_d, chequers_serial_rivers_small_3,
          uniq_sonja, uniq_joseph
Lair:2:   layout_regular_city, guppyfry_snake_entry_island,
          roderic_carrion_pond, grunt_megastairs_1
Lair:3:   nzn_winding_woodlands_stair_trap [nzn_winding_woodlands_5x15_zeroes,
          nzn_winding_woodlands_5x15_pathside_ponds,
          nzn_winding_woodlands_5x15_concentric,
          nzn_winding_woodlands_15x15_killbox, nzn_winding_woodlands_5x15_twine,
          nzn_winding_woodlands_5x15_parted,
          nzn_winding_woodlands_5x15_lazy_stream], layout_loops_ring,
          minmay_swamp_entry_swarm, serial_forest,
          infiniplex_forest_clump_cross, infiniplex_forest_clump_medium,
          infiniplex_forest_lined_3_way, infiniplex_forest_lined_room_3,
          infiniplex_forest_lined_2, infiniplex_forest_straight_3,
          infiniplex_forest_end_3, infiniplex_forest_lined_3, uniq_rupert
Lair:4:   layout_gridlike, hellmonk_ghost_happy_afterlife, st_stairs_7,
          grunt_forest_small_clearing_treed, grunt_megastairs_3
Lair:5:   guppyfry_lair_end_dragon, layout_regular_city,
          hangedman_lair_tendril_chambers, slime_entry_1, minmay_lair_drake_nest
Swamp:1:  layout_basic_swamp, evilmike_swamp_ruin_rubble_2
Swamp:2:  layout_basic_swamp, evilmike_swamp_ruin_house_4, swamp_pool3,
          nzn_swamp_dancing_lights
Swamp:3:  layout_basic_swamp, nicolae_swamp_dense_foliage, swamp_pool1,
          uniq_kirke
Swamp:4:  swamp_fiery, layout_basic_swamp
Orc:1:    layout_caves, basic_altar
Orc:2:    st_orc_open, layout_caves, lemuel_statue_altar

Skill      XL: |  1  2  3  4  5  6  7  8  9 10 11 12 13 14 15 16 |
---------------+-------------------------------------------------+-----
Spellcasting   | 3 4 5 6 7 9 10 | 10.0
Summonings     | 5 6 7 11 12 13 14 | 14.0
Dodging        | 3 4 5 6 7 9 12 13 15 16 17 18 | 18.5
Hexes          | 2 3 4 5 6 7 |  7.1
Fighting       | 1 2 3 4 5 8 9 10 12 13 14 | 14.3
Air Magic      | 2 4 6 7 |  7.0
Translocations | 5 4 |  5.6
Transmutations | 6 12 11 | 12.0
Earth Magic    | 5 7 |  7.0
Unarmed Combat | 2 |  2.3
Stealth        | |  2.6

Action                   |  1- 3 |  4- 6 |  7- 9 | 10-12 | 13-15 | 16-18 || total
-------------------------+-------+-------+-------+-------+-------+-------++-------
Melee: Unarmed           |    17 |     7 |     3 |     7 |     1 |       ||    35
       Bite              |       |     2 |       |     1 |     1 |       ||     4
 Cast: Summon Small Mamm |    24 |     2 |    16 |    21 |     1 |       ||    64
       Call Imp          |    17 |     8 |    29 |    39 |    29 |     2 ||   124
       Call Canine Famil |     4 |    16 |    61 |    83 |    99 |    10 ||   273
       Summon Guardian G |       |     5 |    38 |    94 |   153 |    18 ||   308
       Summon Lightning  |       |       |    11 |   101 |   139 |    12 ||   263
       Blink             |       |       |       |    13 |    46 |     3 ||    62
       Summon Cactus Gia |       |       |       |    20 |   137 |    12 ||   169
       Summon Mana Viper |       |       |       |       |   118 |    14 ||   132
       Statue Form       |       |       |       |       |     3 |       ||     3
Invok: Call Merchant     |       |       |       |     2 |     2 |       ||     4
Evoke: Wand              |       |       |     2 |    12 |     6 |     1 ||    21
  Use: Potion            |     2 |       |       |     4 |    14 |       ||    20
       Scroll            |       |       |     3 |    12 |    19 |       ||    34
 Stab: Distracted        |     1 |       |       |       |       |       ||     1
       Sleeping          |       |     1 |       |       |       |       ||     1
Armor: Skin              |     4 |     1 |     4 |     2 |    29 |       ||    40
Dodge: Dodged            |    28 |     4 |    88 |   180 |   457 |    33 ||   790
